 Dungeon Crawl Stone Soup version 0.28-a0-511-gcc94558de3 (webtiles) character file.

Game seed: 11232376640000326626

1154 speeev33 the Chopper (level 8, 0/71 HPs)
             Began as a Hill Orc Berserker on Sept 21, 2021.
             Was a Priest of Trog.
             Killed from afar by a steam dragon (4 damage)
             ... with a ball of steam
             ... on level 7 of the Dungeon.
             The game lasted 00:10:02 (7940 turns).

speeev33 the Chopper (Hill Orc Berserker)           Turns: 7940, Time: 00:10:03

Health: 0/71       AC: 16    Str: 22    XL:     8   Next: 38%
Magic:  8/8        EV:  4    Int:  7    God:    Trog [***...]
Gold:   242        SH: 14    Dex: 10    Spells: 7/7 levels left

rFire   . . .      SeeInvis .   a - +0 broad axe
rCold   . . .      Faith    .   f - +1 tower shield
rNeg    . . .      Spirit   .   k - +0 chain mail
rPois   .          Reflect  .   D - +1 helmet
rElec   .          Harm     .   (no cloak)
rCorr   .          Rampage  .   r - +2 pair of gloves
Will    .....                   B - +0 pair of boots
Stlth   ..........              (no amulet)
HPRegen 0.21/turn               j - ring of flight
MPRegen 0.11/turn               (no ring)

@: flying
A: no striking features
a: Renounce Religion, Berserk, Trog's Hand


You were on level 7 of the Dungeon.
You worshipped Trog.
Trog was most pleased with you.
You visited 1 branch of the dungeon, and saw 7 of its levels.
You also visited: Sewer.

You collected 242 gold pieces.

Inventory:

Hand Weapons
 a - a +0 broad axe (weapon)
 b - a +0 morningstar
Missiles
 l - 5 silver boomerangs (quivered)
Armour
 f - a +1 tower shield (worn)
 k - a +0 chain mail (worn)
 r - a +2 pair of gloves (worn)
 B - a +0 pair of boots (worn)
 D - a +1 helmet (worn)
Jewellery
 d - a ring of willpower
 j - a ring of flight (left hand)
Wands
 i - a wand of paralysis (8)
 p - a wand of flame (20)
 y - a wand of iceblast (9)
Scrolls
 m - a scroll of enchant armour
 n - a scroll of blinking
 A - 2 scrolls of fog
 C - a scroll of identify
Potions
 c - a potion of berserk rage
 e - 3 potions of mutation
 h - a potion of curing
 o - 2 potions of flight
 q - a potion of brilliance
 s - a potion of magic
 t - 2 potions of heal wounds
 u - a potion of resistance {unknown}
 v - 5 potions of invisibility {unknown}
 w - a potion of experience {unknown}
 x - a potion of might {unknown}
 z - 4 potions of attraction {unknown}


   Skills:
 + Level 6.5 Fighting
 + Level 7.2 Axes
 + Level 5.4 Armour
 - Level 1.5 Dodging
 * Level 5.8 Shields


You had 7 spell levels left.
You didn't know any spells.
Your spell library was empty.

Dungeon Overview and Level Annotations

Branches:
Dungeon (7/15)             Temple (0/1) D:5           Sewer (visited)

Altars:

Shops:
D:2 ?

Annotations:
D:6 Prince Ribbit


Message History

The steam dragon claws you but does no damage.
Your chain mail prevents you from hitting the steam dragon.
The steam dragon is moderately wounded.
You block the steam dragon's attack. The steam dragon claws you.
* * * LOW HITPOINT WARNING * * *
You block the steam dragon's attack. x2
You closely miss the steam dragon.
The steam dragon is moderately wounded.
The steam dragon bites you but does no damage.
You block the steam dragon's attack.
You slash the steam dragon!
The steam dragon is almost dead.
You block the steam dragon's attack. x2
The steam dragon breathes steam at you. The ball of steam hits you!
* * * LOW HITPOINT WARNING * * *
You block the steam dragon's attack. x2
You see here a +0 chain mail.
You closely miss the steam dragon.
The steam dragon is almost dead.
The steam dragon bites you but does no damage.
You block the steam dragon's attack.
The steam dragon bites you but does no damage.
You block the steam dragon's attack.
You closely miss the steam dragon.
The steam dragon is almost dead.
The steam dragon bites you but does no damage.
The steam dragon claws you.
* * * LOW HITPOINT WARNING * * *
You barely miss the steam dragon.
The steam dragon is almost dead.
The steam dragon breathes steam at you. The ball of steam hits you.
* * * LOW HITPOINT WARNING * * *
The steam dragon bites you.
* * * LOW HITPOINT WARNING * * *
You block the steam dragon's attack. The steam dragon breathes steam at you.
The ball of steam hits you.
You die...

###..
#....#####
#....#..#######
#.....§....#..#
#.÷.<.## ....#
#....§.# ...
#....#..####.#
....####.[D§§§#
...#.......#@.#
.# #..#....#.##
#. ###...##
..... ...##..
..... ..#
...... ..# ..
...... ##


You could see a steam dragon (catching breath).

Vanquished Creatures
  2 ogres
  A centaur (D:7)
  A phantom (D:5)
  3 kobold brigands (Sewer)
  A bullfrog (D:7)
  A water moccasin zombie (D:5)
  A howler monkey (D:4)
  A hound (D:5)
  A jelly (D:5)
  A bullfrog skeleton (D:6)
  3 orc priests
  2 bullfrog zombies
  Jessica (D:3)
  2 orc wizards
  A hound skeleton (D:4)
  4 adders
  2 white imps
  3 dart slugs (D:4)
  8 orcs
  11 endoplasms
  2 giant cockroaches (D:3)
  16 goblins
  5 hobgoblins
  14 kobolds
  6 quokkas
  8 ball pythons
  7 bats
  7 frilled lizards
  5 rats
120 creatures vanquished.

Vanquished Creatures (others)
  A fungus (Sewer)
  5 plants (Sewer)
6 creatures vanquished.

Grand Total: 126 creatures vanquished

Notes
Turn   | Place    | Note
-------+----------+-------------------------------------------
     0 | D:1      | speeev33 the Hill Orc Berserker began the quest for the
                  | Orb.
     0 | D:1      | Reached XP level 1. HP: 19/19 MP: 1/1
   253 | D:1      | Reached XP level 2. HP: 27/27 MP: 2/2
   972 | D:2      | Found Qaguvoun's Magic Scroll Shoppe.
  1251 | D:2      | Reached XP level 3. HP: 23/33 MP: 3/3
  1466 | D:2      | Found a faded altar of an unknown god.
  2236 | D:3      | Noticed Jessica
  2252 | D:3      | Killed Jessica
  2253 | D:3      | Reached skill level 1 in Shields
  2253 | D:3      | Reached XP level 4. HP: 3/41 MP: 4/4
  2935 | D:3      | Reached skill level 5 in Axes
  3305 | D:3      | HP: 1/61 [orc priest/divine providence (11)]
  3716 | D:3      | Reached XP level 5. HP: 29/47 MP: 5/5
  4049 | D:4      | Reached skill level 5 in Fighting
  4049 | D:4      | Reached XP level 6. HP: 28/56 MP: 6/6
  4374 | D:4      | Reached ** piety under Trog
  4743 | D:5      | Entered Level 5 of the Dungeon
  4944 | D:5      | Found a staircase to the Ecumenical Temple.
  4979 | D:5      | Found a glowing drain.
  5008 | Sewer    | Entered a sewer
  5170 | Sewer    | Reached skill level 6 in Axes
  5327 | Sewer    | Reached XP level 7. HP: 61/61 MP: 7/7
  5406 | Sewer    | Reached *** piety under Trog
  6223 | D:5      | Reached skill level 5 in Armour
  6223 | D:5      | Reached skill level 5 in Shields
  6223 | D:5      | Reached XP level 8. HP: 60/70 MP: 8/8
  6788 | D:6      | Reached skill level 7 in Axes
  7197 | D:7      | Noticed Prince Ribbit
  7592 | D:7      | HP: 2/71 [centaur (3)]
  7940 | D:7      | Killed from afar by a steam dragon

Illustrated notes

Levels and vault maps discovered:
D:1:      nzn_arrival_crosshair, layout_loops_ring
D:2:      layout_loops_corners, chequers_ecumenical_altar_simple, serial_shops,
          nicolae_shop_behind_doors, small_statue_intersection
D:3:      layout_basic, kennysheep_jessica_study
D:4:      layout_basic
D:5:      layout_cave_pods, minmay_temple_entry_mist,
          cheibrodos_sewer_entry_sluice, minmay_fountain_box
D:6:      layout_gridville, hellmonk_bongcloud_opening, minmay_ogre_servants
D:7:      minmay_the_grid_square_5x5_3x3 [minmay_the_grid_square_5x5_minibox,
          minmay_the_grid_square_5x5_misaligned,
          minmay_the_grid_square_5x5_hollow_slash,
          minmay_the_grid_square_5x5_n_small,
          minmay_the_grid_square_5x5_megaprize_crossed,
          minmay_the_grid_square_5x5_eight,
          minmay_the_grid_square_5x5_half_checkered,
          minmay_the_grid_square_5x5_broken_cross,
          minmay_the_grid_square_5x5_mess], layout_cave_pools,
          nicolae_dithmenos_through_a_glass_darkly, uniq_prince_ribbit1

Skill      XL: |  1  2  3  4  5  6  7  8 |
---------------+-------------------------+-----
Fighting       | 4 5 6 |  6.5
Armour         | 3 4 5 |  5.4
Shields        | 1 2 3 5 |  5.8
Axes           | 5 6 7 |  7.2
Dodging        | |  1.5

Action                   |  1- 3 |  4- 6 |  7- 9 || total
-------------------------+-------+-------+-------++-------
Melee: Hand axe          |    51 |   100 |       ||   151
       Dagger            |    38 |       |       ||    38
       War axe           |       |    63 |    53 ||   116
       Broad axe         |       |       |    79 ||    79
Invok: Berserk           |       |     2 |     3 ||     5
  Use: Scroll            |     4 |     9 |     1 ||    14
 Stab: Sleeping          |     3 |       |       ||     3
Armor: Animal skin       |    21 |       |       ||    21
       Leather armour    |     7 |    21 |       ||    28
       Chain mail        |       |    99 |    67 ||   166
Dodge: Dodged            |    46 |    37 |    30 ||   113
Block: Tower shield      |    17 |   133 |   131 ||   281

Table legend: (Time is in decaauts)
 A = Elapsed time spent in this place.
 B = Non-inter-level travel time spent in this place.
 C = Inter-level travel time spent in this place.
 D = Time resting spent in this place.
 E = Time spent auto-exploring this place.
 F = Levels seen in this place.
 G = Mean time per level.
                   A        B        C        D        E       F      G
               +--------+--------+--------+--------+--------+-----+--------+
         Total |   8219 |   7811 |    408 |   2233 |   4165 |   8 | 1027.4 |
       Dungeon |   7515 |   7107 |    408 |   1972 |   3882 |   7 | 1073.6 |
         Sewer |    704 |    704 |      0 |    260 |    283 |   1 |  704.0 |
               +--------+--------+--------+--------+--------+-----+--------+

Top non-repeatable levels by time:
     D:3: 1685 daAuts
     D:2: 1177 daAuts
     D:5: 1082 daAuts
     D:6: 1033 daAuts
     D:1: 1010 daAuts
     D:4: 960 daAuts
   Sewer: 704 daAuts
     D:7: 564 daAuts
